 Dungeon Crawl Stone Soup version 0.20-a0-151-g755e310 (webtiles) character file.

140 KristoblXynda the Skirmisher (level 5, -3/47 HPs)
             Began as a Draconian Monk on Nov 22, 2016.
             Was a Believer of Cheibriados.
             Killed from afar by an orc wizard (12 damage)
             ... with a puff of flame
             ... on level 3 of the Dungeon.
             The game lasted 00:07:25 (2466 turns).

KristoblXynda the Skirmisher (Draconian Monk)       Turns: 2466, Time: 00:07:25

Health: -3/47      AC:  6    Str: 16 (18) XL:     5   Next: 2%
Magic:  5/5        EV: 14    Int: 14 (15) God:    Cheibriados [**....]
Gold:   146        SH:  0    Dex: 14 (17) Spells: 4/4 levels left

rFire  . . .     SeeInvis .     g - +0 dagger (drain)
rCold  . . .     Gourm    +     (armour unavailable)
rNeg   . . .     Faith    .     (no shield)
rPois  .         Spirit   .     (helmet restricted)
rElec  .         Reflect  .     (no cloak)
rCorr  .         Harm     .     j - +0 pair of gloves
MR     .....                    (no boots)
Stlth  ++........               i - amulet of the gourmand
                                (no ring)
                                (no ring)

@: very slow
A: unfitting armour, cold-blooded, AC +5
a: Bend Time, Renounce Religion


You were on level 3 of the Dungeon.
You worshipped Cheibriados.
Cheibriados was pleased with you.
You were not hungry.

You visited 1 branch of the dungeon, and saw 3 of its levels.

You collected 146 gold pieces.

Inventory:

Hand Weapons
 g - a +0 dagger of draining (weapon)
Missiles
 d - 5 tomahawks of dispersal (quivered)
 f - 2 throwing nets
Armour
 j - a +0 pair of gloves (worn)
Jewellery
 i - an amulet of the gourmand (around neck)
Scrolls
 h - a scroll of teleportation
 n - a scroll of amnesia
Potions
 e - a potion of magic
 l - a potion of flight
Comestibles
 a - 2 slices of pizza
 b - 4 bread rations
 c - a chunk of flesh


   Skills:
 + Level 4.5 Fighting
 + Level 4.1 Short Blades
 + Level 3.6 Dodging
 - Level 1.7 Stealth


You had 4 spell levels left.
You didn't know any spells.

Dungeon Overview and Level Annotations

Branches:
Dungeon (3/15)

Altars:
Cheibriados
Hepliaklqana
Kikubaaqudgha
Okawaru
Sif Muna
Uskayaw

Annotations:
D:3 braks's ghost, amateur DsWz


Innate Abilities, Weirdness & Mutations

Your plain brown scales are hard. (AC +5)
You cannot fit into any form of body armour.
You are cold-blooded and may be slowed by cold attacks.


Message History

The orc wizard is moderately wounded.
The orc wizard hits you but does no damage.
You hit the orc wizard but do no damage.
Your tail-slap misses the orc wizard.
The orc wizard is moderately wounded.
The orc wizard hits you with a dagger.
* * * LOW HITPOINT WARNING * * *
You closely miss the orc wizard.
The orc wizard is lightly wounded.
The orc wizard hits you but does no damage.
You miss the orc wizard.
The orc wizard is lightly wounded.
You barely miss the orc wizard. You tail-slap the orc wizard.
The orc wizard is moderately wounded.
The orc wizard closely misses you.
You barely miss the orc wizard.
The orc wizard is moderately wounded.
The orc wizard casts a spell at you. The puff of flame hits you!
You die...

#........#
#.######.# #.# #.#
#.# ##.## #.#
##...##
#.####.#.#.####
#.##..........####
#.##.#.#.#........
#@##.##..(.##.###.
#o##.###.#.##.# #.
.o.........##.# #.
#.......$.####.#
#.
#..###########.#
#. ...# #...###.
##.# #.###.##. #>#
#...# #....
#.#.###....


You could see an orc wizard and an orc.

Vanquished Creatures
  A quasit (D:3)
  An orc priest (D:3)
  An adder (D:2)
  An ooze (D:1)
  A worm (D:2)
  A dart slug (D:3)
  A leopard gecko (D:2)
  2 orcs (D:3)
  A ball python (D:2)
  2 giant cockroaches
  6 goblins
  10 hobgoblins
  9 bats
  4 frilled lizards
  9 kobolds
  A quokka skeleton (D:3)
  8 rats
59 creatures vanquished.

Notes
Turn   | Place    | Note
-------+----------+-------------------------------------------
     0 | D:1      | KristoblXynda the Draconian Monk began the quest for the Orb.
     0 | D:1      | Reached XP level 1. HP: 19/19 MP: 1/1
   306 | D:1      | Reached XP level 2. HP: 24/26 MP: 2/2
   877 | D:2      | Reached XP level 3. HP: 26/33 MP: 3/3
  1554 | D:2      | Found an ancient bone altar of Kikubaaqudgha.
  1740 | D:3      | Noticed a two-headed ogre
  1883 | D:3      | Noticed braks's ghost (amateur DsWz)
  1897 | D:3      | Reached XP level 4. HP: 33/41 MP: 4/4
  2109 | D:3      | Found an iron altar of Okawaru.
  2192 | D:3      | Found a deep blue altar of Sif Muna.
  2259 | D:3      | Found a hazy altar of Hepliaklqana.
  2259 | D:3      | Found a snail-covered altar of Cheibriados.
  2260 | D:3      | Found a hide-covered altar of Uskayaw.
  2274 | D:3      | Became a worshipper of Cheibriados the Contemplative
  2274 | D:3      | Reached * piety under Cheibriados
  2274 | D:3      | Reached ** piety under Cheibriados
  2452 | D:3      | Reached XP level 5. HP: 15/47 MP: 5/5
  2466 | D:3      | Killed from afar by an orc wizard

Vault maps used:
D:1:      minmay_arrival_up_and_down, serial_park_tiny_pond, dk_noncrumbling_2,
          grunt_decor_arrowhead
D:2:      nicolae_overflow_hidden_temple
D:3:      chequers_temple_overflow_statue_of_worship, okawaru_gym_becter

Skill      XL: |  1  2  3  4 |
---------------+-------------+-----
Dodging        | 3 |  3.6
Fighting       | 4 |  4.5
Short Blades   | 4 |  4.1
Stealth        | |  1.7

Action                   |  1- 3 |  4- 6 || total
-------------------------+-------+-------++-------
Melee: Short sword       |   151 |    11 ||   162
       Tailslap          |    15 |     6 ||    21
       Dagger            |    18 |    27 ||    45
  Use: Scroll            |     6 |     1 ||     7
       Potion            |     2 |     1 ||     3
 Stab: Sleeping          |    12 |       ||    12
  Eat: Chunk             |     2 |       ||     2
       Meat ration       |     1 |       ||     1
Armor: Skin              |    37 |    10 ||    47
Dodge: Dodged            |   122 |    21 ||   143
